 Dungeon Crawl Stone Soup version 0.30.2 (webtiles) character file.

Game seed: 953936602825806284

678921 RKaid the Slayer (level 27, -7/206 HPs)
             Began as an Octopode Air Elementalist on June 6, 2023.
             Was an Initiate of Gozag.
             Mangled by a demonspawn warmonger
             ... wielding a +2 battleaxe of draining
              (35 damage)
             ... in Pandemonium on Mar 12, 2024.
             The game lasted 08:02:38 (91648 turns).

RKaid the Slayer (Octopode Air Elementalist)       Turns: 91648, Time: 08:02:39

Health: -7/206     AC: 13    Str:  7    XL:     27
Magic:  44/60      EV: 23    Int: 53    God:    Gozag
Gold:   13484      SH: 15    Dex: 14    Spells: 4/56 levels left

rFire   + + +        a - staff of air "Ucommaavu" {rElec rPois Will+ Int+4, rElec}
rCold   + + +        x - +2 shield of Resistance {rF++ rC++ Will++}
rNeg    + + +        V - +2 hat
rPois   ∞            w - amulet of regeneration
rElec   +            J - ring "Zafiredoidd" {Wiz Int+3}
rCorr   +            W - +5 ring of evasion
SInv    +            X - ring "Ofotu" {rC+ rN+ Will+ Int+5}
Will    +++++        e - ring of the Wizarding Gods {Drain rPois rCorr MP+9 Slay+3}
Stlth   +++          s - ring of see invisible {sInv}
HPRegen 1.34/turn    K - +4 ring of protection
MPRegen 0.37/turn    L - +6 ring of intelligence
                     g - ring of the Immovable Gods {MP+9 Dex+3 Slay+2}

%: wizardry (x1)
@: lich-form, gold aura
A: draining attack, torment immunity, no potions, almost no armour, amphibious,
8 rings, camouflage 1, gelatinous body 1, (nimble swimmer 1), tentacles, beak,
clever 1, fire resistance 1
}: 5/15 runes: serpentine, barnacled, slimy, silver, abyssal
a: End Transformation, Renounce Religion, Potion Petition, Call Merchant, Bribe
Branch


You were in Pandemonium.
You worshipped Gozag.
Gozag was extremely pleased with you.
You were an undead lich.
You visited 12 branches of the dungeon, and saw 52 of its levels.
You visited Pandemonium 1 time, and saw 5 of its levels.
You visited the Abyss 3 times.
You visited 1 bazaar.
You also visited: Ossuary, Bailey and Ice Cave.

You collected 32180 gold pieces.
You spent 7346 gold pieces at shops.
You paid 11350 gold pieces to Gozag.

Inventory:

Hand Weapons
 u - a +4 demon trident of electrocution
   (You took it off a merfolk impaler on level 1 of the Shoals)
 Y - the +3 falchion "Qoeceupa" {elec, +Blink rPois rC- Dex+8}
   (You found it on level 4 of the Lair of Beasts)

   Dex:       It affects your dexterity (+8).
   rC:        It makes you vulnerable to cold.
   rPois:     It protects you from poison.
   +Blink:    It lets you blink.
Missiles
 O - 5 throwing nets (quivered) {=f}
Armour
 x - the +2 shield of Resistance (worn) {rF++ rC++ Will++}
   (You bought it in a shop on level 2 of the Orcish Mines)

   rF:        It greatly protects you from fire.
   rC:        It greatly protects you from cold.
   Will:      It greatly increases your willpower.
 V - a +2 hat (worn)
   (You found it on level 10 of the Dungeon)
Magical Staves
 a - the staff of air "Ucommaavu" (weapon) {rElec rPois Will+ Int+4, rElec}
   (You found it on level 5 of the Pits of Slime)

   [staff of air]

   Base accuracy: +5 Base damage: 5 Base attack delay: 1.2 This weapon's minimum
   attack delay (0.6) is reached at skill level 12.
   Int:       It affects your intelligence (+4).
   rElec:     It insulates you from electricity.
   rPois:     It protects you from poison.
   Will:      It increases your willpower.
   It falls into the 'Staves' category.
   It is a one-tentacled weapon.
Jewellery
 b - an amulet of reflection
   (You bought it in a shop on level 2 of the Orcish Mines)
 e - the ring of the Wizarding Gods (on tentacle) {Drain rPois rCorr MP+9 Slay+3}
   (You bought it in a shop on level 2 of the Orcish Mines)

   [ring of magical power]

   Slay:      It affects your accuracy & damage with ranged weapons and melee
   (+3).
   rPois:     It protects you from poison.
   MP:        It affects your magic capacity (+9).
   rCorr:     It protects you from acid and corrosion.
   Drain:     It drains your maximum health when unequipped.
 g - the ring of the Immovable Gods (on tentacle) {MP+9 Dex+3 Slay+2}
   (You took it off a deep elf zephyrmancer on level 3 of the Elven Halls)

   [ring of magical power]

   Dex:       It affects your dexterity (+3).
   Slay:      It affects your accuracy & damage with ranged weapons and melee
   (+2).
   MP:        It affects your magic capacity (+9).
 i - a ring of protection from fire {rF+}
   (You bought it in a shop on level 2 of the Orcish Mines)
 s - a ring of see invisible (on tentacle) {sInv}
   (You bought it in a shop on level 10 of the Dungeon)
 w - an amulet of regeneration (around mantle)
   (You took it off a deep elf demonologist on level 3 of the Elven Halls)
 A - a +6 ring of intelligence
   (You found it on level 5 of the Pits of Slime)
 G - a +4 ring of protection
   (You found it on level 5 of the Dungeon)
 J - the ring "Zafiredoidd" (left tentacle) {Wiz Int+3}
   (You bought it in a shop on level 10 of the Dungeon)

   [ring of wizardry]

   It improves your spell success rate.
   Int:       It affects your intelligence (+3).
 K - a +4 ring of protection (on tentacle)
   (You found it on level 2 of the Depths)
 L - a +6 ring of intelligence (on tentacle)
   (You found it on level 7 of the Dungeon)
 N - a ring of wizardry {Wiz+}
   (You found it on level 5 of the Lair of Beasts)
 R - the ring of Wuagedul {rN+ Str+3}
   (You found it on level 3 of the Crypt)

   [ring of positive energy]

   Str:       It affects your strength (+3).
   rN:        It protects you from negative energy.
 W - a +5 ring of evasion (right tentacle)
   (You found it on level 4 of the Lair of Beasts)
 X - the ring "Ofotu" (on tentacle) {rC+ rN+ Will+ Int+5}
   (You bought it in a shop on level 5 of the Dungeon)

   [ring of willpower]

   Int:       It affects your intelligence (+5).
   rC:        It protects you from cold.
   rN:        It protects you from negative energy.
   Will:      It increases your willpower.
Wands
 z - a wand of mindburst (33)
   (You found it on level 12 of the Dungeon)
 D - a wand of digging (45)
   (You found it on level 9 of the Dungeon)
 F - a wand of iceblast (56)
   (You found it on level 5 of the Dungeon)
 I - a wand of light (51)
   (You took it off Ijyb on level 4 of the Dungeon)
Scrolls
 d - 13 scrolls of vulnerability {!r!r}
 l - 5 scrolls of blinking {!r}
 n - 9 scrolls of poison {!r}
 p - 12 scrolls of magic mapping {!r}
 r - 9 scrolls of immolation {!r}
 t - 16 scrolls of teleportation
 y - 2 scrolls of butterflies
 B - 11 scrolls of fear
 S - 10 scrolls of fog
 Z - 4 scrolls of silence
Potions
 c - 24 potions of curing
 f - 15 potions of haste
 h - 11 potions of heal wounds
 j - 11 potions of attraction {!q}
 k - 6 potions of invisibility
 o - 15 potions of mutation {!q!q}
 q - 11 potions of brilliance
 v - 2 potions of cancellation
 E - 3 potions of berserk rage {!q}
 M - 6 potions of magic
 P - 3 potions of ambrosia
 Q - 4 potions of resistance
 T - 10 potions of might
Miscellaneous
 C - the horn of Geryon
   (You took it off Geryon in the Vestibule of Hell)
 U - a phantom mirror
   (You found it in a bailey)


   Skills:
 - Level 21.5 Fighting
 - Level 13.5 Dodging
 - Level 2.6 Stealth
 - Level 15.5 Shields
 - Level 20.0 Unarmed Combat
 - Level 15.0 Spellcasting
 + Level 16.3 Conjurations
 - Level 5.0 Summonings
 + Level 10.2 Necromancy
 - Level 10.0 Translocations
 + Level 21.1 Transmutations
 + Level 20.1 Air Magic
 - Level 4.2 Evocations


You had 4 spell levels left.
You knew the following spells:

 Your Spells              Type           Power      Damage    Failure   Level
a - Summon Lightning Spi  Summ/Air       100%       N/A       1%          4
b - Storm Form            Tmut/Air       78%        N/A       1%          7
c - Airstrike             Air            77%        2d(12-28) 0%          4
d - Manifold Assault      Tloc           98%        N/A       1%          4
e - Necromutation         Tmut/Necr      71%        N/A       4%          8
f - Dragon Form           Tmut           66%        N/A       1%          7
g - Apportation           Tloc           100%       N/A       0%          1
h - Conjure Ball Lightni  Conj/Air       74%        3x3d27    1%          6
i - Chain Lightning       Conj/Air       74%        3d99      24%         9
B - Blink                 Tloc           100%       N/A       1%          2

Your spell library contained the following spells:

 Spells                   Type           Power      Damage    Failure   Level
 Beastly Appendage        Tmut           100%       N/A       0%          1
 Kiss of Death            Conj/Necr      100%       2d13      0%          1
 Shock                    Conj/Air       100%       1d9       0%          1
 Sting                    Tmut/Pois      100%       1d8       0%          1
 Momentum Strike          Conj/Tloc      100%       3d10      0%          2
 Static Discharge         Conj/Air       100%       2-7/arc   0%          2
 Sublimation of Blood     Necr           100%       N/A       0%          2
 Wereblood                Tmut           100%       N/A       0%          2
 Swiftness                Air            100%       N/A       0%          3
 Foxfire                  Conj/Fire      100%       2x1d9     1%          1
 Freeze                   Ice            100%       1d10      1%          1
 Cigotuvi's Dreadful Rot  Necr/Pois/Air  100%       N/A       1%          2
 Lesser Beckoning         Tloc           100%       N/A       1%          2
 Poisonous Vapours        Pois/Air       100%       N/A       1%          2
 Scorch                   Fire           78%        2d8       1%          2
 Confusing Touch          Hex            39%        N/A       1%          3
 Dazzling Flash           Conj/Hex       100%       N/A       1%          3
 Frozen Ramparts          Ice            78%        1d12      1%          3
 Gell's Gravitas          Tloc           98%        N/A       1%          3
 Hailstorm                Conj/Ice       90%        3d18      1%          3
 Inner Flame              Hex/Fire       39%        N/A       1%          3
 Portal Projectile        Hex/Tloc       100%       N/A       1%          3
 Spider Form              Tmut/Pois      100%       N/A       1%          3
 Stone Arrow              Conj/Erth      100%       3d13      1%          3
 Summon Guardian Golem    Hex/Summ       60%        N/A       1%          3
 Teleport Other           Tloc           98%        N/A       1%          3
 Tukima's Dance           Hex            39%        N/A       1%          3
 Volatile Blastmotes      Fire/Tloc      100%       2d18      1%          3
 Anguish                  Hex/Necr       48%        N/A       1%          4
 Dispel Undead            Necr           100%       3d31      1%          4
 Flame Wave               Conj/Fire      90%        2d19      1%          4
 Iskenderun's Mystic Bla  Conj/Tloc      100%       2d19      1%          4
 Petrify                  Tmut/Erth      100%       N/A       1%          4
 Cause Fear               Hex            19%        N/A       4%          4
 Olgreb's Toxic Radiance  Pois           39%        N/A       4%          4
 Blade Hands              Tmut           66%        N/A       0%          5
 Irradiate                Conj/Tmut      63%        3d32      0%          5
 Agony                    Necr           100%       N/A       1%          5
 Alistair's Intoxication  Tmut/Pois      66%        N/A       1%          5
 Borgnjor's Vile Clutch   Necr/Erth      48%        N/A       1%          5
 Freezing Cloud           Conj/Ice/Air   64%        6-21      1%          5
 Silence                  Hex/Air        60%        N/A       1%          5
 Yara's Violent Unravell  Hex/Tmut       50%        3d19      1%          5
 Dispersal                Tloc           49%        N/A       1%          6
 Eringya's Noxious Bog    Tmut/Pois      50%        N/A       1%          6
 Statue Form              Tmut/Erth      66%        N/A       1%          6
 Orb of Destruction       Conj           59%        9d14      1%          7
 Starburst                Conj/Fire      45%        6d13      2%          6
 Spellforged Servitor     Conj/Summ      50%        N/A       4%          7
 Summon Cactus Giant      Summ           37%        N/A       9%          6
 Metabolic Englaciation   Hex/Ice        19%        N/A       12%         5
 Haunt                    Necr/Summ      55%        N/A       16%         7
 Borgnjor's Revivificati  Necr           61%        N/A       38%         8
 Lehudib's Crystal Spear  Conj/Erth      45%        10d11     65%         8
 Enfeeble                 Hex            19%        N/A       96%         7
 Death's Door             Necr           61%        N/A       99%         9
 Dragon's Call            Summ           37%        N/A       100%        9
 Fire Storm               Conj/Fire      45%        8d11      100%        9
 Shatter                  Erth           19%        3d18*     100%        9
 Animate Armour           Summ/Erth      Unusable   N/A       N/A         4

Dungeon Overview and Level Annotations

Branches:
Dungeon (15/15)            Temple (1/1) D:7            Lair (5/5) D:8
 Shoals (4/4) Lair:3        Snake (4/4) Lair:2        Slime (5/5) Lair:5
    Orc (2/2) D:10            Elf (3/3) Orc:2        Vaults (5/5) D:14
  Crypt (3/3) Vaults:3       Tomb (0/3) Crypt:3      Depths (4/4) D:15
   Hell (visited)             Dis (0/7) Hell            Geh (0/7) Hell
    Coc (0/7) Hell            Tar (0/7) Hell            Zot (0/5) Depths:4
Ossuary (visited)          Bailey (visited)           IceCv (visited)

Altars:
Ashenzari
Cheibriados
Dithmenos
Elyvilon
Fedhas
Gozag
Hepliaklqana
Kikubaaqudgha
Makhleb
Nemelex Xobeh
Okawaru
Qazlal
Ru
Sif Muna
Trog
Uskayaw
Vehumet
Wu Jian
Xom
Yredelemnul
Zin
The Shining One
Jiyva
Lugonu

Shops:
D:5 =(??   D:10 =   D:15 *   Orc:1 [   Orc:2 [*=*[   Elf:1 *   Vaults:1 (
Vaults:2 (   Vaults:3 *   Depths:2 *=   Depths:4 !

Portals:
Hell: Depths:1 Depths:2 Depths:3 Depths:4
Abyss: Depths:3 Depths:4
Pandemonium: Depths:2
Ziggurat: Depths:4

Annotations:
D:2 1 runed translucent door, Crazy Yiuf
D:4 Grinder
D:7 1 exclusion
Shoals:2 2 transporters, Graphine's ghost, journeyman DsMo
Elf:2 3 runed translucent doors, aeroqp's ghost, adept FoEE


Innate Abilities, Weirdness & Mutations

You are an undead lich.
Your unarmed attacks are suffused with negative energy.
You are immune to unholy pain and torment.
Your necromantic spells are more powerful.
You cannot drink.
You are immune to poison.
You cannot wear most types of armour.
You are amphibious.
You can wear up to eight rings at the same time.
Your skin changes colour to match your surroundings (Stealth+).
Your rubbery body absorbs attacks. (AC +1, EV +1)
((You are camouflaged when in or above water. (Stealth+)))
You have tentacles for arms and can constrict up to eight enemies at once.
You have a beak for a mouth.
Your mind is acute. (Int +4, Str/Dex -1)
Your flesh is heat resistant. (rF+)


Message History

Unknown command.
Casting: Airstrike (safe; 0% risk of failure)
Confirm with . or Enter, or press ? or * to list all spells.
You feel a surge of power!
An electric hum fills the air.
The demonspawn corrupter calls forth creatures from the Elven Halls!
The reaper hits you with a +6 heavy scythe!
Casting: Summon Lightning Spire (safe; 1% risk of failure)
Confirm with . or Enter, or press ? or * to list all spells.
You blink.
The deep elf sorcerer completely misses you.
Casting: Blink (safe; 1% risk of failure)
Confirm with . or Enter, or press ? or * to list all spells.
You feel a surge of power!
Chain Lightning might hit your lightning spire.
Cast it anyway?
Okay, then.
Unknown command.
Casting: Chain Lightning (dangerous; 24% risk of failure)
Confirm with . or Enter, or press ? or * to list all spells.
Aiming: Airstrike (safe; 0% risk of failure)
Press: ? - help, Dir - move target, f - demonspawn corrupter, p - reaper
Aim: a demonspawn corrupter, wielding a +0 great sword and wearing a +0 scale mail (empty space bonus: 3/8)
You feel a surge of power!
The air twists around and strikes the demonspawn corrupter!
Your lightning spire shoots out a bolt of lightning at the reaper!
The bolt of electricity hits the reaper!
The bolt of electricity hits the demonspawn corrupter!!
The deep elf sorcerer hits you with a +0 long sword!
You miss the demonspawn corrupter. You grab the demonspawn corrupter.
You peck the demonspawn corrupter.
You tentacle-slap the demonspawn corrupter.
You squeeze the demonspawn corrupter! You constrict the demonspawn corrupter.
The reaper hits you from afar with a +6 heavy scythe!
Your lightning spire shoots out a bolt of lightning at the reaper!
The bolt of electricity hits the reaper!
The bolt of electricity hits the demonspawn corrupter!
The demonspawn corrupter mumbles some strange prayers to Lugonu against your lightning spire.
The entropic weave corrodes your lightning spire!
You block the deep elf sorcerer's attack.
You hit the demonspawn corrupter but do no damage.
The demonspawn corrupter is electrocuted.
You peck the demonspawn corrupter.
You tentacle-slap the demonspawn corrupter, but do no damage.
You constrict the demonspawn corrupter.
You block the deep elf sorcerer's attack.
The demonspawn corrupter hits you with a +0 great sword.
The demonspawn corrupter completely misses you.
The reaper hits you from afar with a +6 heavy scythe!
You hit the demonspawn corrupter but do no damage.
The demonspawn corrupter is electrocuted!
You kill the demonspawn corrupter!
The deep elf high priest disappears in a puff of smoke!
The deep elf sorcerer disappears in a puff of smoke! x2
Your lightning spire shoots out a bolt of lightning at the reaper!
The bolt of electricity hits the reaper!
The reaper completely misses your lightning spire.
Your lightning spire shoots out a bolt of lightning at the reaper!
The bolt of electricity hits the reaper!!
The reaper dies!
You hit the demonspawn warmonger but do no damage.
The demonspawn warmonger is electrocuted.
You grab the demonspawn warmonger.
You peck the demonspawn warmonger, but do no damage.
You tentacle-slap the demonspawn warmonger, but do no damage.
You squeeze the demonspawn warmonger, but do no damage.
You constrict the demonspawn warmonger.
The demonspawn warmonger barely misses you.
The demonspawn warmonger claws you!
You block the demonspawn warmonger's attack.
Your lightning spire shoots out a bolt of lightning at the demonspawn warmonger!
The bolt of electricity hits the demonspawn warmonger!!
The bolt of electricity hits the demonspawn warmonger!
You completely miss the demonspawn warmonger.
You peck the demonspawn warmonger, but do no damage.
You constrict the demonspawn warmonger.
The demonspawn warmonger hits you with a +2 battleaxe of draining!!
The demonspawn warmonger barely misses you.
The demonspawn warmonger gores you but does no damage.
You hit the demonspawn warmonger but do no damage.
The demonspawn warmonger is electrocuted!
You peck the demonspawn warmonger. You constrict the demonspawn warmonger.
Your lightning spire disappears in a puff of smoke!
The demonspawn warmonger hits you with a +2 battleaxe of draining!!
* * * LOW HITPOINT WARNING * * *
You block the demonspawn warmonger's attack.
The demonspawn warmonger completely misses you.
The demonspawn warmonger hits you with a +2 battleaxe of draining!!
* * * LOW HITPOINT WARNING * * *
You block the demonspawn warmonger's attack.
The demonspawn warmonger barely misses you.
You release your grip on the demonspawn warmonger.
The demonspawn warmonger attacks as you move away!
The demonspawn warmonger completely misses you.
The demonspawn warmonger closely misses you.
The demonspawn warmonger gores you but does no damage.
Casting: Airstrike (safe; 0% risk of failure)
Confirm with . or Enter, or press ? or * to list all spells.
You blink.
The demonspawn warmonger hits you with a +2 battleaxe of draining!!
You die...
Your body crumbles into a pile of gold.

#......#########
#.####.# # #.#
#.# # #.# #.# #
#.## #.# #
##$..# ... #
####..#....#. #
#.§6$###..# # #
#....##L.# .e.#
. #....
##...##... #
#.... #.## #.##
#.... .# .#
#.... # #...)
##### $


You could see a demonspawn warmonger.

Vanquished Creatures
  the Royal Jelly (Slime:5)
  2 ancient liches
  Mennas (Depths:3)
  A juggernaut (Depths:4)
  Sojobo (Vaults:2)
  The ghost of Nyubb the Impregnable, a veteran MiGl of Hepliaklqana (Crypt:3)
  Frederick (Crypt:1)
  The ghost of Qiwept the Fencer, a veteran BaIE of Cheibriados (Depths:2)
  Saint Roka (Orc:2)
  Geryon (Hell)
  2 pandemonium lords (Pan)
  5 golden dragons
  2 Tzitzimimeh
  A shard shrike zombie (Crypt:3)
  4 bone dragons
  3 doom hounds (Crypt:1)
  An Ice Fiend (Pan)
  8 Hell Sentinels (Pan)
  Grunn (Crypt:1)
  8 tentacled monstrosities
  10 liches
  13 acid blobs
  A deep elf master archer (Vaults:3)
  3 quicksilver dragons
  4 ancient champions
  3 krakens
  4 Executioners
  Polyphemus (Shoals:2)
  Murray (Depths:2)
  4 titans
  A tentacled starspawn (Abyss:1)
  7 sphinxes
  10 tengu reavers
  3 shadow dragons
  2 nagarajas
  A storm dragon (Depths:4)
  Agnes (D:14)
  12 azure jellies
  Ilsuiw (Shoals:2)
  Donald (Crypt:1)
  3 revenants
  2 demonspawn warmongers (Pan)
  6 draconian monks (Depths:4)
  10 frost giants
  10 fire giants
  6 rockslimes (Slime:5)
  7 balrugs
  3 iron dragons
  A caustic shrike zombie (Hell)
  Louise (Depths:3)
  The ghost of Xusi the Executioner, a journeyman MiMo of the Shining One (Depths:1)
  A juggernaut zombie (Crypt:1)
  7 deep elf sorcerers
  A draconian shifter (Depths:4)
  26 vault wardens
  9 ghouls
  4 curse skulls
  2 orc warlords
  6 deep elf elementalists
  11 reapers
  25 very ugly things
  3 war gargoyles
  A cacodemon (Pan)
  2 demonspawn blood saints (Pan)
  15 stone giants
  A draconian annihilator (Depths:4)
  22 ironbound preservers
  A juggernaut skeleton (Depths:1)
  A demonspawn corrupter (Pan)
  Nessos (D:14)
  14 quicksilver oozes
  7 deep elf demonologists (Elf:3)
  5 ironbound thunderhulks
  30 vampire knights
  8 black draconians (Depths:4)
  6 green draconians (Depths:4)
  7 purple draconians (Depths:4)
  6 white draconians (Depths:4)
  8 dire elephants
  5 red draconians (Depths:4)
  4 lorocyprocas
  11 spark wasps (Depths:2)
  A demonspawn black sun (Pan)
  A bunyip (Abyss:1)
  3 minotaurs (Vaults:3)
  4 deep elf annihilators
  6 iron golems (Hell)
  2 eidola
  6 deep elf death magi
  A crystal guardian (Vaults:2)
  10 ettins
  2 quicksilver dragon zombies
  10 blizzard demons
  4 merfolk javelineers
  17 merfolk impalers
  7 fire dragons
  Josephine (D:11)
  5 green deaths (Pan)
  7 jiangshi
  7 great orbs of eyes
  7 deep elf high priests
  A spectral tengu (Depths:1)
  8 spriggan air magi
  5 hell beasts
  3 spriggan zombies
  43 vault guards
  21 yaktaur captains
  3 hydras
  2 rakshasas
  15 centaur warriors
  A peacekeeper (Vaults:2)
  4 salamander tyrants
  4 alligator snapping turtles
  A quicksilver dragon skeleton (Crypt:3)
  16 ironbound frosthearts
  3 ogre magi (Abyss:3)
  2 catoblepae
  10 ice dragons
  11 anacondas
  3 death knights
  8 two-headed ogres
  8 merfolk avatars
  A fenstrider witch skeleton (Crypt:1)
  8 merfolk aquamancers
  A satyr (Shoals:2)
  3 boulder beetles
  7 naga warriors
  5 thrashing horrors
  6 hell hogs
  7 deep troll shamans
  7 tengu warriors
  A shock serpent (shapeshifter) (Vaults:5)
  13 death yaks
  A bennu skeleton (Crypt:3)
  8 deep troll earth magi
  9 vampire magi
  30 dancing weapons
  8 orc high priests
  7 spriggan berserkers
  13 shock serpents
  Urug (D:14)
  A titan zombie (Crypt:3)
  28 sun demons
  15 soul eaters
  20 naga sharpshooters
  15 hell knights
  5 skysharks
  16 deep elf knights
  A fire crab (shapeshifter) (D:13)
  4 wretched stars (Abyss:1)
  A golden dragon zombie (Crypt:2)
  6 shadow wraiths
  Lodul (D:12)
  7 salamander mystics
  43 skeletal warriors
  6 spriggans
  3 death drakes (Depths:4)
  9 iron trolls
  5 sixfirhies
  A skyshark (shapeshifter) (Vaults:5)
  A kraken simulacrum (Shoals:4)
  11 sea snakes
  An anaconda zombie (Hell)
  A bog body (Crypt:2)
  13 deep elf archers
  2 glowing orange brains
  A spriggan druid (Depths:3)
  A flayed ghost (Crypt:2)
  A golden dragon skeleton (Crypt:1)
  2 bunyip zombies
  10 wizards
  A spriggan simulacrum (Hell)
  6 orc knights
  48 deep trolls
  5 naga ritualists
  20 ironbound convokers
  12 lindwurms
  13 harpies
  16 necromancers
  32 phantasmal warriors
  32 deep elf pyromancers
  23 deep elf zephyrmancers
  An iron dragon zombie (Crypt:3)
  4 starcursed masses
  5 shining eyes
  An anaconda skeleton (Abyss:1)
  12 mana vipers
  A sphinx zombie (Depths:1)
  34 ugly things
  3 stone giant zombies
  A shining eye (shapeshifter) (Depths:4)
  2 frost giant zombies (Depths:1)
  3 orc sorcerers
  18 manticores
  28 salamanders
  2 worldbinders (Abyss:1)
  9 fauns (Shoals:2)
  A moth of wrath (Abyss:3)
  6 guardian serpents
  10 merfolk sirens
  2 elephants (Lair:5)
  4 cyclopes
  35 black mambas
  4 rust devils
  3 molten gargoyles (Hell)
  9 water nymphs
  18 naga magi
  A fire giant skeleton (Crypt:3)
  7 demonic crawlers
  4 orange demons
  2 eyes of devastation
  Maggie (D:8)
  23 vault sentinels
  12 smoke demons
  A torpor snail (Lair:5)
  2 centaur skeletons (Crypt:1)
  2 gargoyles
  An unseen horror (D:10)
  2 elephant slug zombies
  An anaconda simulacrum (Hell)
  A tormentor (Crypt:1)
  10 cane toads
  A kobold demonologist (D:10)
  6 rime drakes
  6 freezing wraiths
  7 hellions
  2 efreet (D:15)
  A purple draconian zombie (Crypt:2)
  4 tengu conjurers
  6 komodo dragons
  38 yaktaurs
  3 ice devils
  A harpy zombie (Crypt:3)
  4 trolls
  2 ancient zymes (Abyss:1)
  A red devil (Pan)
  2 polar bears
  2 hydra zombies (Hell)
  A hellwing (Abyss:1)
  29 merfolk
  An iron troll skeleton (Crypt:3)
  19 blink frogs
  A hydra skeleton (Hell)
  7 hornets
  3 raiju
  An ettin zombie (Hell)
  61 slime creatures
  18 dream sheep
  7 snapping turtles
  9 wind drakes
  2 air elementals (Elf:1)
  A black mamba zombie (Crypt:3)
  3 vampires
  24 water elementals
  2 shadows
  7 wyverns
  43 yaks
  7 ynoxinuls
  3 fire elementals
  20 wraiths
  2 basilisks
  16 humans
  15 vampire mosquitoes
  5 fire bats (Abyss:3)
  9 large abominations
  3 neqoxecs (Pan)
  7 wargs
  2 steam dragons
  16 chaos spawn
  A naga zombie (Crypt:3)
  Menkaure (D:5)
  A glowing shapeshifter zombie (Depths:1)
  55 nagas
  A deep troll zombie (Crypt:2)
  A tengu zombie (Depths:1)
  An acid dragon (D:11)
  12 water moccasins
  Duvessa (D:5)
  2 floating eyes
  A demonspawn skeleton (Crypt:2)
  A deep troll skeleton (Crypt:3)
  8 small abominations (Abyss:1)
  32 orc warriors
  A swamp drake (shapeshifter) (D:10)
  5 black bears
  3 ice beasts
  5 boggarts (Vaults:2)
  7 wolves
  15 ogres
  A blink frog skeleton (Crypt:2)
  14 centaurs
  2 phantoms
  10 kobold brigands
  A draconian skeleton (Crypt:3)
  3 earth elementals
  13 bullfrogs
  3 gnoll sergeants
  8 necrophages
  5 scorpions
  4 water moccasin zombies (Ossuary)
  10 wights
  Dowan (D:5)
  5 killer bees (D:10)
  6 howler monkeys
  A bullfrog zombie (D:7)
  A human zombie (Crypt:2)
  2 quasits (Abyss:1)
  A bullfrog skeleton (Crypt:1)
  2 jellies
  2 gnoll boudas
  37 orc priests
  4 hounds
  4 iguanas
  21 orc wizards
  Ijyb (D:4)
  An acid dragon zombie (Crypt:1)
  An ogre skeleton (Crypt:1)
  2 mummies (Ossuary)
  13 gnolls
  9 adders
  A shadow imp (D:5)
  4 white imps
  An ufetubus (D:5)
  3 adder zombies (Ossuary)
  An adder skeleton (Crypt:2)
  2 iguana skeletons (Crypt:2)
  5 worms
  6 dart slugs
  108 orcs
  7 ball pythons
  8 endoplasms
  3 giant cockroaches
  A gnoll zombie (Ossuary)
  11 goblins
  8 hobgoblins
  6 jackals
  12 kobolds
  A quokka (D:3)
  8 bats
  2 frilled lizards
  A goblin skeleton (Crypt:3)
  4 hobgoblin zombies (Ossuary)
  6 kobold zombies (Ossuary)
  6 orc zombies
  8 rats
  2 lurking horrors (Abyss:1)
  9 tentacles
2569 creatures vanquished.

Vanquished Creatures (collateral kills)
  2 deep elf blademasters (Elf:3)
  A deep elf master archer (Elf:3)
  3 acid blobs (Slime:5)
  A tengu reaver (Vaults:2)
  An azure jelly (Slime:5)
  A shadow dragon (Depths:4)
  A vault warden (Vaults:1)
  An ironbound thunderhulk (Vaults:1)
  2 ironbound preservers
  A reaper (Pan)
  3 deep elf annihilators (Elf:3)
  3 great orbs of eyes
  A rakshasa (Depths:1)
  2 yaktaur captains
  A vault guard (Vaults:5)
  An ironbound frostheart (Vaults:3)
  A deep elf knight (Elf:3)
  A skeletal warrior (Crypt:3)
  An iron troll (Hell)
  6 deep trolls
  3 slime creatures
  2 ironbound convokers
  2 lindwurms (Vaults:1)
  A deep elf pyromancer (Elf:3)
  A wizard (Vaults:4)
  2 orc knights
  An ugly thing (Vaults:4)
  4 vault sentinels
  2 eyes of devastation (Slime:5)
  A smoke demon (Pan)
  7 yaktaurs
  A phantom (D:5)
61 creatures vanquished.

Vanquished Creatures (others)
  The ghost of Bidatih the Peltast, an adept MiBe of Trog (Vaults:3)
  A stone giant (Vaults:5)
  A very ugly thing (Depths:3)
  An ettin (Depths:2)
  A yaktaur captain (Vaults:2)
  A naga warrior (Snake:3)
  A shock serpent (Snake:3)
  A deep elf knight (Elf:2)
  A fire bat (Abyss:3)
  A chaos spawn (Abyss:3)
  A naga (Snake:4)
  An orc wizard (D:5)
  8 ball lightnings
  11 tentacles
31 creatures vanquished.

Grand Total: 2661 creatures vanquished

Notes
Turn   | Place    | Note
-------+----------+-------------------------------------------
     0 | D:1      | RKaid the Octopode Air Elementalist began the quest for the
                  | Orb.
     0 | D:1      | Reached XP level 1. HP: 11/11 MP: 3/3
    51 | D:1      | Reached XP level 2. HP: 11/17 MP: 0/5
   506 | D:1      | Reached XP level 3. HP: 21/21 MP: 1/6
  1871 | D:2      | Reached XP level 4. HP: 27/27 MP: 0/7
  2288 | D:2      | Found a runed translucent door.
  2289 | D:2      | Noticed Crazy Yiuf
  2354 | D:2      | Reached skill level 2 in Conjurations
  2354 | D:2      | Reached skill level 4 in Air Magic
  2770 | D:3      | Learned a level 2 spell: Blink
  2775 | D:3      | Learned a level 4 spell: Airstrike
  2904 | D:2      | HP: 4/27 [something/magic dart (5)]
  2907 | D:2      | Reached XP level 5. HP: 5/31 MP: 6/9
  3025 | D:3      | Found a broken altar of Ashenzari.
  3470 | D:3      | HP: 11/46 [orc wizard/+0 dagger (3)]
  3476 | D:3      | Reached skill level 3 in Dodging
  3476 | D:3      | Reached skill level 1 in Translocations
  4225 | D:4      | Reached skill level 3 in Spellcasting
  4225 | D:4      | Reached XP level 6. HP: 37/37 MP: 4/10
  4499 | D:4      | Reached skill level 1 in Fighting
  4583 | D:4      | Found a radiant altar of Vehumet.
  4609 | D:4      | Found a hazy altar of Hepliaklqana.
  4619 | D:4      | Noticed Grinder
  4631 | D:4      | Noticed Ijyb
  4667 | D:4      | Reached skill level 5 in Air Magic
  5264 | D:4      | Reached skill level 2 in Translocations
  5519 | D:4      | HP: 5/38 [Ijyb/+0 club (5)]
  5525 | D:4      | Killed Ijyb
  5530 | D:4      | Reached XP level 7. HP: 14/44 MP: 3/12
  5833 | D:4      | Reached skill level 2 in Fighting
  5885 | D:5      | Entered Level 5 of the Dungeon
  5907 | D:5      | Found an ancient bone altar of Kikubaaqudgha.
  5908 | D:5      | Found a transporter.
  5908 | D:5      | Noticed Menkaure
  5908 | D:5      | Noticed a vampire
  5919 | D:5      | Found a transporter.
  6119 | D:5      | HP: 2/45 [orc priest/divine providence (15)]
  6315 | D:5      | Found a sand-covered staircase.
  6319 | Ossuary  | Entered an ossuary
  6409 | Ossuary  | Reached skill level 6 in Air Magic
  6742 | Ossuary  | Reached skill level 4 in Spellcasting
  7095 | Ossuary  | Reached skill level 3 in Fighting
  7095 | Ossuary  | Reached XP level 8. HP: 36/52 MP: 8/14
  7231 | D:5      | Found a basalt altar of Yredelemnul.
  7231 | D:5      | Identified the +7 short sword "Jellyslayer" {heavy, rF+ rC-
                  | Stlth+}
  7460 | D:5      | Found Jonuss's Magic Scroll Shoppe.
  7462 | D:5      | Found Woyrgh's Magic Scroll Shoppe.
  7464 | D:5      | Found Cuavadadu's Weapon Shoppe.
  7466 | D:5      | Found Hixu's Jewellery Shoppe.
  7474 | D:5      | Bought a scroll of teleportation for 36 gold pieces
  7627 | D:5      | Reached skill level 7 in Air Magic
  8242 | D:5      | Noticed Duvessa
  8242 | D:5      | Noticed Dowan
  8281 | D:5      | Killed Duvessa
  8282 | D:5      | Reached skill level 4 in Fighting
  8349 | D:5      | Killed Dowan
  8638 | D:6      | Reached skill level 5 in Spellcasting
  8728 | D:4      | Reached skill level 8 in Air Magic
  8958 | D:6      | Reached XP level 9. HP: 59/59 MP: 4/16
 10058 | D:7      | Found a sacrificial altar of Ru.
 10603 | D:7      | Found a staircase to the Ecumenical Temple.
 10614 | Temple   | Entered the Ecumenical Temple
 10689 | D:7      | Reached skill level 5 in Fighting
 10842 | D:7      | Found a sparkling altar of Nemelex Xobeh.
 10866 | D:7      | Found a shadowy altar of Dithmenos.
 10889 | D:7      | Reached skill level 9 in Air Magic
 10969 | D:7      | Found a blossoming altar of Fedhas.
 11323 | D:8      | Noticed Maggie
 11486 | D:8      | Found an opulent altar of Gozag.
 11491 | D:8      | Became a worshipper of Gozag Ym Sagoz the Greedy
 11554 | D:8      | Reached skill level 1 in Transmutations
 11778 | D:7      | Reached skill level 6 in Spellcasting
 11847 | D:8      | Noticed a two-headed ogre
 11851 | D:8      | Killed a two-headed ogre
 11852 | D:8      | Reached skill level 2 in Transmutations
 11852 | D:8      | Reached XP level 10. HP: 68/68 MP: 2/19
 11987 | D:8      | Reached skill level 6 in Fighting
 12059 | D:8      | Reached skill level 10 in Air Magic
 12431 | D:8      | Reached skill level 3 in Transmutations
 12563 | D:7      | HP: 24/102 [water moccasin (6)]
 13094 | D:8      | Killed Maggie
 13098 | D:8      | Found a staircase to the Lair.
 13537 | D:8      | Found a burning altar of Makhleb.
 13630 | D:8      | Found a snail-covered altar of Cheibriados.
 13844 | D:5      | Bought a scroll of identify for 24 gold pieces
 13844 | D:5      | Bought a scroll of identify for 24 gold pieces
 13844 | D:5      | Bought a scroll of identify for 24 gold pieces
 14426 | D:9      | Noticed a two-headed ogre
 14430 | D:9      | Killed a two-headed ogre
 14431 | D:9      | Reached skill level 7 in Spellcasting
 14431 | D:9      | Reached skill level 4 in Transmutations
 14431 | D:9      | Reached skill level 11 in Air Magic
 14607 | D:9      | Reached skill level 7 in Fighting
 14909 | D:9      | Reached XP level 11. HP: 75/75 MP: 12/22
 15125 | D:9      | Found a bloodstained altar of Trog.
 15467 | D:9      | Identified the amulet of Afiazor {Acrobat Harm rCorr Str-5
                  | Int+6}
 16215 | D:10     | Entered Level 10 of the Dungeon
 16398 | D:10     | Found a flagged portal.
 16401 | D:10     | Reached skill level 5 in Transmutations
 16603 | Bailey   | Entered a bailey
 16963 | Bailey   | Learned a level 5 spell: Blade Hands
 17602 | Bailey   | Reached skill level 12 in Air Magic
 18312 | D:10     | Found a staircase to the Orcish Mines.
 18368 | D:10     | Noticed a two-headed ogre
 18372 | D:10     | Killed a two-headed ogre
 18373 | D:10     | Reached skill level 8 in Spellcasting
 18478 | D:10     | Identified the ring "Ecorph" {rCorr Str+7 Slay-5}
 18565 | D:10     | Noticed a green ugly thing
 18717 | Lair:1   | Entered Level 1 of the Lair of Beasts
 18719 | Lair:1   | Reached skill level 8 in Fighting
 19155 | D:8      | Reached skill level 6 in Transmutations
 19309 | D:8      | Reached skill level 6 in Dodging
 19309 | D:8      | Reached skill level 7 in Transmutations
 19309 | D:8      | Reached skill level 4 in Evocations
 19309 | D:8      | Reached XP level 12. HP: 83/83 MP: 24/24
 19939 | Lair:2   | Noticed a boulder beetle
 19964 | Lair:1   | Reached skill level 7 in Dodging
 20123 | Lair:2   | Reached XP level 13. HP: 88/88 MP: 5/25
 20486 | Lair:2   | Found a frozen archway.
 20496 | IceCv    | Entered an ice cave
 20588 | Lair:2   | Found a staircase to the Snake Pit.
 20647 | Lair:2   | Reached skill level 8 in Transmutations
 20967 | Lair:2   | Reached skill level 8 in Dodging
 21364 | Lair:2   | Reached skill level 13 in Air Magic
 21477 | Lair:2   | Learned a level 7 spell: Storm Form
 22142 | Lair:3   | Reached skill level 9 in Spellcasting
 22559 | Lair:2   | HP: 19/88 [death yak (24)]
 22851 | D:5      | Bought the ring "Ofotu" {rC+ rN+ Will+ Int+5} for 698 gold
                  | pieces
 23006 | Lair:3   | Reached skill level 9 in Dodging
 23574 | Lair:3   | Found a staircase to the Shoals.
 24185 | Lair:4   | Reached skill level 1 in Unarmed Combat
 24225 | Lair:4   | Reached skill level 9 in Transmutations
 24445 | Lair:4   | Reached skill level 2 in Unarmed Combat
 24464 | Lair:4   | Identified the +3 falchion "Qoeceupa" {elec, +Blink rPois
                  | rC- Dex+8}
 24661 | Lair:4   | Reached XP level 14. HP: 95/95 MP: 13/27
 24744 | Lair:4   | Reached skill level 9 in Fighting
 25107 | Lair:4   | Reached skill level 3 in Unarmed Combat
 25455 | Lair:5   | Entered Level 5 of the Lair of Beasts
 25485 | Lair:5   | Found a viscous altar of Jiyva.
 25486 | Lair:5   | Found a staircase to the Slime Pits.
 25872 | Lair:5   | Reached skill level 10 in Spellcasting
 25912 | Lair:5   | Reached skill level 4 in Unarmed Combat
 25926 | Lair:5   | Reached skill level 14 in Air Magic
 26045 | Lair:5   | Reached skill level 10 in Transmutations
 26183 | Lair:5   | Identified the staff of cold "Febboxt" {rC+ Str-5 Dex+5}
 26453 | Lair:5   | Reached skill level 10 in Fighting
 26453 | Lair:5   | Reached skill level 5 in Unarmed Combat
 26628 | Lair:5   | Learned a level 4 spell: Manifold Assault
 26719 | D:8      | Reached skill level 7 in Unarmed Combat
 26719 | D:8      | Reached skill level 4 in Translocations
 26719 | D:8      | Reached XP level 15. HP: 103/103 MP: 29/29
 26795 | D:10     | Found a stormy altar of Qazlal.
 26841 | D:10     | Found a bloodstained altar of Trog.
 27115 | D:11     | Noticed Josephine
 27124 | D:11     | Killed Josephine
 28000 | D:12     | You fall into a shaft and drop 3 floors!
 28000 | D:15     | Entered Level 15 of the Dungeon
 28116 | D:14     | Noticed Urug
 28116 | D:14     | Found a gate to the Vaults.
 28477 | D:13     | Reached skill level 8 in Unarmed Combat
 28486 | D:13     | Reached XP level 16. HP: 109/110 MP: 30/30
 28492 | D:13     | Reached skill level 11 in Spellcasting
 28554 | D:12     | Reached skill level 11 in Transmutations
 28866 | D:12     | Noticed Lodul
 28879 | D:12     | Killed Lodul
 29222 | Orc:1    | Entered Level 1 of the Orcish Mines
 29569 | Orc:1    | Found Borretoz's Antique Armour Shoppe.
 29813 | Orc:2    | Entered Level 2 of the Orcish Mines
 29814 | Orc:2    | Found a staircase to the Elven Halls.
 29864 | Orc:1    | Reached skill level 11 in Fighting
 30017 | Orc:2    | Found Til Gubu's Armour Boutique.
 30114 | Orc:2    | Noticed Saint Roka
 30471 | Orc:2    | Killed Saint Roka
 30806 | Orc:2    | Reached skill level 9 in Unarmed Combat
 31064 | Orc:2    | Found Ifol's Assorted Antiques.
 31064 | Orc:2    | Found Ataucoh's Jewellery Emporium.
 31162 | Orc:2    | Found Nacerre's General Store.
 31162 | Orc:2    | Found Dototip's Antique Armour Emporium.
 31647 | Orc:2    | Bought the ring of the Wizarding Gods {Drain rPois rCorr
                  | MP+9 Slay+3} for 613 gold pieces
 31679 | Orc:2    | Bought the +2 shield of Resistance {rF++ rC++ Will++} for
                  | 987 gold pieces
 31679 | Orc:2    | Found the +2 shield of Resistance {rF++ rC++ Will++}
 31709 | Orc:2    | Bought a scroll of acquirement for 728 gold pieces
 31753 | Orc:2    | Bought a scroll of teleportation for 87 gold pieces
 32110 | D:13     | Reached skill level 1 in Shields
 32586 | D:14     | Noticed Nessos
 32591 | D:14     | Reached skill level 2 in Shields
 32598 | D:14     | Reached skill level 3 in Shields
 32600 | D:14     | Killed Nessos
 32605 | D:14     | Killed Urug
 32615 | D:14     | Reached skill level 12 in Transmutations
 32626 | D:14     | Reached skill level 4 in Shields
 32626 | D:14     | Reached skill level 5 in Translocations
 33047 | D:14     | Noticed Agnes
 33054 | D:14     | Killed Agnes
 33282 | D:14     | Found a burning altar of Makhleb.
 33386 | D:15     | Reached skill level 5 in Shields
 33575 | D:15     | Found a staircase to the Depths.
 33871 | D:15     | Found a glowing silver altar of Zin.
 33871 | D:15     | Found a glowing golden altar of the Shining One.
 33871 | D:15     | Found a white marble altar of Elyvilon.
 34189 | Snake:1  | Entered Level 1 of the Snake Pit
 34204 | Snake:1  | Reached skill level 10 in Unarmed Combat
 34204 | Snake:1  | Reached XP level 17. HP: 117/117 MP: 32/32
 34400 | Snake:1  | Reached skill level 6 in Shields
 34407 | Snake:1  | Reached skill level 6 in Translocations
 34539 | Snake:1  | Found the +5 demon whip "Spellbinder" {antimagic, disrupt,
                  | Will+}
 35229 | Snake:1  | Reached skill level 7 in Shields
 36137 | Snake:2  | Reached skill level 8 in Shields
 36137 | Snake:2  | Reached skill level 7 in Translocations
 36918 | Snake:2  | Reached skill level 11 in Unarmed Combat
 37155 | Snake:3  | Reached skill level 9 in Shields
 37455 | Snake:3  | Reached skill level 10 in Shields
 38142 | Snake:3  | Reached skill level 11 in Shields
 38228 | Snake:3  | Found a blossoming altar of Fedhas.
 38315 | Snake:4  | Entered Level 4 of the Snake Pit
 38324 | Snake:4  | Reached XP level 18. HP: 115/124 MP: 33/33
 38370 | Snake:4  | Reached skill level 12 in Unarmed Combat
 38770 | Snake:4  | Reached skill level 12 in Shields
 38774 | Snake:4  | Identified the +0 ring mail "Umuschumn" {Will++ Str+2
                  | Dex+3}
 38901 | Snake:4  | Identified the +1 robe of the Shoals {rPois rCorr Str+2}
 39501 | Snake:4  | Reached skill level 13 in Shields
 39830 | Snake:4  | Reached skill level 13 in Unarmed Combat
 39949 | Snake:4  | Got a serpentine rune of Zot
 40343 | Orc:2    | Bought an amulet of reflection for 420 gold pieces
 40526 | Shoals:1 | Entered Level 1 of the Shoals
 41983 | Shoals:2 | Upgraded the game from 0.30.0-29-ga12c61a403 to
                  | 0.30.0-30-g96aa6591b8
 42025 | Shoals:2 | Noticed Graphine's ghost (journeyman DsMo)
 42027 | Shoals:2 | Found a transporter.
 42038 | Shoals:2 | Reached skill level 14 in Shields
 42279 | Shoals:2 | Found a transporter.
 42296 | Shoals:2 | Found a bloodstained altar of Trog.
 42625 | Shoals:2 | Upgraded the game from 0.30.0-30-g96aa6591b8 to 0.30.1
 42870 | Shoals:2 | Reached XP level 19. HP: 128/130 MP: 32/34
 42884 | Shoals:2 | Noticed Ilsuiw
 42894 | Shoals:2 | Noticed Polyphemus
 42909 | Shoals:2 | Killed Polyphemus
 43059 | Shoals:2 | Identified the staff of conjuration "Umiutrus" {rF+ rCorr
                  | Int+3 Dex+2}
 43085 | Shoals:2 | Got Sif Muna's Exposition on Evolution
 43481 | Shoals:2 | Killed Ilsuiw
 44418 | Shoals:3 | Reached skill level 12 in Fighting
 44528 | Shoals:3 | Identified the ring "Umonasif" {Ice Will++ Dex+6 SInv}
 45183 | Shoals:3 | Upgraded the game from 0.30.1 to 0.30.1-3-gfc49f6343a
 45184 | Shoals:4 | Entered Level 4 of the Shoals
 45216 | Shoals:4 | Reached skill level 15 in Shields
 45376 | Shoals:4 | Upgraded the game from 0.30.1-3-gfc49f6343a to
                  | 0.30.1-4-g462c640d31
 45561 | Shoals:4 | Reached skill level 14 in Unarmed Combat
 46953 | Shoals:4 | Reached skill level 10 in Dodging
 46953 | Shoals:4 | Reached skill level 13 in Transmutations
 47346 | Shoals:4 | Reached skill level 15 in Air Magic
 47381 | Shoals:4 | Got a barnacled rune of Zot
 48190 | Elf:1    | Entered Level 1 of the Elven Halls
 48556 | Elf:1    | Upgraded the game from 0.30.1-4-g462c640d31 to
                  | 0.30.1-8-g117510f58f
 48632 | Elf:1    | Reached XP level 20. HP: 137/137 MP: 27/35
 48645 | Elf:1    | Reached skill level 11 in Dodging
 48807 | Elf:1    | Upgraded the game from 0.30.1-8-g117510f58f to
                  | 0.30.1-9-gdf580d7c3d
 49217 | Elf:1    | Got the Anthology of the Inferno
 49222 | Elf:1    | Learned a level 3 spell: Volatile Blastmotes
 49251 | Elf:1    | Got Zuosh's Disquisition on Cryomancy
 49306 | Elf:1    | Found Efu Peqa's Assorted Antiques.
 49314 | Elf:1    | Bought a runed hat for 273 gold pieces
 50816 | Elf:2    | Reached skill level 12 in Dodging
 50979 | Elf:2    | Found a runed translucent gate.
 50979 | Elf:2    | Found a runed translucent gate.
 51066 | Elf:2    | Found a runed translucent gate.
 51067 | Elf:2    | Found a runed translucent gate.
 51067 | Elf:2    | Found a runed translucent gate.
 51081 | Elf:2    | Found a runed translucent gate.
 51084 | Elf:2    | Noticed aeroqp's ghost (adept FoEE)
 51338 | Elf:2    | Found a viscous altar of Jiyva.
 51516 | Elf:2    | Reached skill level 15 in Unarmed Combat
 51758 | Elf:2    | Reached skill level 14 in Transmutations
 52492 | Elf:3    | Entered Level 3 of the Elven Halls
 53152 | Elf:3    | Reached skill level 13 in Dodging
 53185 | Elf:3    | Identified the ring of the Immovable Gods {MP+9 Dex+3
                  | Slay+2}
 53484 | Orc:2    | Bought a ring of protection from fire for 350 gold pieces
 53790 | Elf:3    | Got the Grimoire of the Impact and Bringing Forth
 53796 | Elf:3    | Learned a level 4 spell: Summon Lightning Spire
 53803 | Elf:3    | Learned a level 6 spell: Conjure Ball Lightning
 54787 | Elf:3    | Reached skill level 1 in Summonings
 54787 | Elf:3    | Reached XP level 21. HP: 123/143 MP: 20/36
 54909 | Elf:3    | Reached skill level 3 in Conjurations
 54924 | Elf:3    | Reached skill level 2 in Summonings
 55185 | Elf:3    | Identified the +7 mace "Pemas" {heavy, rC++ Will- Int+2}
 55212 | Elf:3    | Identified the +5 short sword "Cast" {pain, Dex+2}
 55240 | Elf:3    | Identified the +5 long sword "Vopero" {elec, +Blink}
 55426 | Elf:3    | Identified the +5 scale mail of the Wild Haggis {Rampage
                  | rF- Dex+4}
 55576 | Elf:3    | Acquired the Elucidation of Corpses
 55618 | Elf:3    | Identified the +0 shortbow of Nemelex Xobeh {freeze, rF+
                  | Str+3 Int+3}
 55628 | Elf:3    | Identified the staff of earth "Jodeuqu" {*Corrode rN+ SInv}
 55637 | Elf:3    | Identified the staff of death "Qups" {rF+ rC+ rN+ Int+3
                  | SInv}
 55641 | Elf:3    | Identified the staff of air "Toer" {rElec rC+ Will+}
 56001 | Vaults:1 | Entered Level 1 of the Vaults
 56001 | Vaults:1 | Found Veraewketan's Antique Weapon Boutique.
 56063 | Vaults:1 | Reached skill level 3 in Summonings
 56071 | Vaults:1 | Reached skill level 13 in Fighting
 56072 | Vaults:1 | Reached skill level 4 in Conjurations
 56424 | Vaults:1 | Reached skill level 16 in Unarmed Combat
 56546 | Vaults:1 | Reached skill level 15 in Transmutations
 56807 | Vaults:1 | Reached skill level 4 in Summonings
 56820 | Vaults:1 | Reached skill level 5 in Conjurations
 57415 | Vaults:1 | Reached skill level 14 in Fighting
 57601 | Vaults:1 | Reached skill level 5 in Summonings
 58013 | Vaults:1 | Identified the +1 scale mail "Fijoc" {rPois Regen+ Int-3
                  | SInv}
 58430 | Vaults:2 | Reached XP level 22. HP: 155/155 MP: 32/37
 59238 | Vaults:2 | Found Pyjoq's Antique Weapon Boutique.
 59528 | Vaults:2 | Reached skill level 15 in Fighting
 59675 | Vaults:2 | Noticed Sojobo
 59702 | Vaults:2 | Paralysed by an air elemental for 1 turns
 59707 | Vaults:2 | Paralysed by an air elemental for 1 turns
 59712 | Vaults:2 | HP: 32/151 [Sojobo/bolt of lightning (13)]
 59712 | Vaults:2 | Paralysed by an air elemental for 1 turns
 59713 | Vaults:2 | HP: 4/151 [Sojobo/the air (29)]
 59716 | Vaults:2 | Paralysed by an air elemental for 1 turns
 60045 | D:5      | Bought 3 scrolls of blinking for 270 gold pieces
 60049 | D:5      | Bought a scroll of teleportation for 45 gold pieces
 60136 | D:5      | Killed Menkaure
 60172 | D:5      | Identified the +1 leather armour "Learghivi" {rF++ MP+9
                  | Int+2 Dex-2}
 60630 | Vaults:2 | Paralysed by an air elemental for 1 turns
 60749 | Vaults:2 | Paralysed by an air elemental for 1 turns
 60786 | Vaults:2 | Killed Sojobo
 62230 | Vaults:3 | Reached skill level 17 in Unarmed Combat
 62920 | Vaults:3 | Found Riokefiwn's Assorted Antiques.
 62926 | Vaults:3 | Bought a scroll of fear for 188 gold pieces
 63358 | Vaults:3 | Found a runed translucent gate.
 63358 | Vaults:3 | Found a runed translucent gate.
 63358 | Vaults:3 | Found a runed translucent gate.
 63360 | Vaults:3 | Noticed Bidatih's ghost (adept MiBe)
 63361 | Vaults:3 | Found an iron altar of Okawaru.
 63385 | Vaults:3 | Reached skill level 16 in Fighting
 63590 | Vaults:3 | Found a staircase to the Crypt.
 63773 | Vaults:3 | Reached skill level 8 in Translocations
 64104 | Vaults:4 | Reached skill level 16 in Air Magic
 64172 | Vaults:4 | Found a flickering gateway to a bazaar.
 64190 | Bazaar   | Entered a bazaar
 64205 | Bazaar   | Found Coashr Zuaq's Book Emporium.
 64307 | Bazaar   | Found Itsep's Jewellery Emporium.
 64352 | Bazaar   | Found Ubrawn's Jewellery Emporium.
 64388 | Bazaar   | Found Jorhil Zove's Jewellery Boutique.
 64680 | Bazaar   | Bought a book of Annihilations for 720 gold pieces
 64947 | Vaults:4 | HP: 32/160 [ironbound convoker/+0 flail (14)]
 65055 | Vaults:4 | Reached XP level 23. HP: 166/166 MP: 19/38
 65801 | Vaults:4 | Reached skill level 17 in Fighting
 65802 | Vaults:4 | Reached skill level 9 in Translocations
 66612 | Depths:1 | Entered Level 1 of the Depths
 66931 | Slime:1  | Entered Level 1 of the Pits of Slime
 67586 | Slime:3  | Gained mutation: You are vulnerable to cold. (rC-) [a
                  | shining eye]
 67734 | Slime:5  | Entered Level 5 of the Pits of Slime
 68023 | Slime:5  | Noticed the Royal Jelly
 68054 | Slime:4  | Gained mutation: You are clumsy. (Dex -2) [a shining eye]
 68716 | Slime:5  | Reached skill level 18 in Unarmed Combat
 69213 | Slime:5  | Killed the Royal Jelly
 69214 | Slime:5  | Reached skill level 18 in Fighting
 69214 | Slime:5  | Reached skill level 10 in Translocations
 69410 | Slime:5  | Got The Highest Levels of Hermeneutics
 69423 | Slime:5  | Reached skill level 17 in Air Magic
 69476 | Slime:5  | Got a slimy rune of Zot
 69479 | Slime:5  | Identified the staff of air "Omefekhlo" {rElec Int+2}
 69514 | Slime:5  | Identified the staff of air "Ucommaavu" {rElec rPois Will+
                  | Int+4}
 69520 | Slime:5  | Identified the staff of cold "Seanen" {+Blink rC+}
 69529 | Slime:5  | Acquired 804 gold pieces
 70044 | D:15     | Reached XP level 24. HP: 158/177 MP: 25/38
 70127 | Depths:1 | Noticed an ancient lich
 70351 | Vaults:5 | Entered Level 5 of the Vaults
 70427 | Vaults:5 | Reached skill level 6 in Conjurations
 70449 | Vaults:5 | Reached skill level 12 in Spellcasting
 70500 | Vaults:5 | HP: 35/180 [titan/the air (24)]
 70505 | Vaults:5 | HP: 42/180 [yaktaur captain/bolt (20)]
 70687 | Vaults:5 | Identified the +5 short sword "Jaulem" {vamp, rElec rF- rC+
                  | rN++}
 70699 | Vaults:5 | Reached skill level 19 in Fighting
 70702 | Vaults:5 | Reached skill level 7 in Conjurations
 71326 | Vaults:5 | Identified the staff of death "Pizy" {Fragile rC++ rN+
                  | Dex+3}
 71508 | Vaults:5 | Got a silver rune of Zot
 72234 | D:10     | Bought the ring "Zafiredoidd" {Wiz Int+3} for 822 gold
                  | pieces
 72391 | Depths:1 | Reached skill level 19 in Unarmed Combat
 72391 | Depths:1 | Reached skill level 8 in Conjurations
 72398 | Depths:1 | Killed an ancient lich
 72423 | Depths:1 | Reached XP level 25. HP: 162/187 MP: 39/39
 72512 | Depths:1 | Got the Collected Works on Black Deeds
 72585 | Depths:1 | Reached skill level 13 in Spellcasting
 72935 | Depths:1 | Found a hazy altar of Hepliaklqana.
 73011 | Depths:1 | Found a large runed translucent door.
 73011 | Depths:1 | Found a large runed translucent door.
 73015 | Depths:1 | Found a gateway to Hell.
 73532 | Depths:1 | Noticed Xusi's ghost (journeyman MiMo)
 73593 | Depths:1 | Killed Xusi's ghost
 73713 | Depths:2 | Reached skill level 9 in Conjurations
 74070 | Depths:2 | Found a large runed translucent door.
 74070 | Depths:2 | Found a large runed translucent door.
 74073 | Depths:2 | Noticed Qiwept's ghost (veteran BaIE)
 74230 | Depths:2 | Found a one-way gate leading to the halls of Pandemonium.
 74561 | Depths:1 | Paralysed by a floating eye for 4 turns
 74694 | Depths:1 | Identified the +1 robe of the Eleven Youths {Harm rC+}
 74803 | Depths:2 | Reached skill level 20 in Fighting
 75250 | Depths:2 | Reached skill level 10 in Conjurations
 75389 | Depths:2 | Killed Qiwept's ghost
 75431 | Depths:3 | Found a shimmering blue altar of Sif Muna.
 75674 | Depths:3 | Reached skill level 14 in Spellcasting
 75889 | Depths:3 | Reached skill level 20 in Unarmed Combat
 76063 | Depths:3 | Noticed Louise
 76066 | Depths:3 | Found a one-way gate to the infinite horrors of the Abyss.
 76070 | Depths:3 | Killed Louise
 76096 | Depths:3 | Noticed Mennas
 76117 | Depths:3 | Killed Mennas
 76225 | Depths:3 | Reached XP level 26. HP: 197/197 MP: 41/41
 76687 | Depths:4 | Entered Level 4 of the Depths
 76707 | Depths:4 | Reached skill level 11 in Conjurations
 76858 | Depths:4 | Found a one-way gateway to a ziggurat.
 77107 | Depths:4 | Noticed a juggernaut
 77120 | Depths:4 | Killed a juggernaut
 77507 | Depths:4 | Found Tajekhic's Distillery.
 77514 | Depths:4 | Learned a level 1 spell: Apportation
 77966 | Depths:4 | Reached skill level 12 in Conjurations
 77968 | Depths:4 | Reached skill level 15 in Spellcasting
 78144 | Depths:4 | Reached skill level 16 in Transmutations
 78199 | Depths:4 | Reached skill level 21 in Fighting
 78365 | Depths:4 | Found a gate to the Realm of Zot.
 78637 | Depths:4 | Identified the +2 robe "Laic" {MP+9}
 78638 | Depths:4 | Identified the +1 bardiche of Impermanence {drain, rC-
                  | Str+3 Dex+3}
 79005 | Crypt:1  | Entered Level 1 of the Crypt
 79507 | Elf:1    | Bought a scroll of blinking for 292 gold pieces
 79783 | Depths:3 | Voluntarily entered the Abyss.
 79892 | Abyss:1  | Found a corrupted altar of Lugonu.
 80018 | Abyss:1  | Learned a level 9 spell: Chain Lightning
 80133 | Depths:3 | Escaped the Abyss
 80185 | Depths:3 | Voluntarily entered the Abyss.
 80187 | Abyss:1  | Found a corrupted altar of Lugonu.
 80517 | Depths:3 | Escaped the Abyss
 80519 | Depths:3 | Voluntarily entered the Abyss.
 80553 | Abyss:1  | Found a corrupted altar of Lugonu.
 81068 | Abyss:1  | Found a corrupted altar of Lugonu.
 81112 | Abyss:3  | Reached skill level 17 in Transmutations
 81154 | Abyss:3  | Reached XP level 27. HP: 170/205 MP: 42/42
 81157 | Abyss:3  | Found a corrupted altar of Lugonu.
 81203 | Abyss:3  | Noticed an ancient lich
 81216 | Abyss:3  | Killed an ancient lich
 81220 | Abyss:3  | Reached skill level 13 in Conjurations
 81289 | Abyss:3  | Got an abyssal rune of Zot
 81313 | Depths:3 | Escaped the Abyss
 81565 | D:10     | Bought a ring of see invisible for 285 gold pieces
 81662 | D:15     | Bought a scroll of blinking for 292 gold pieces
 81803 | Depths:2 | Learned a level 7 spell: Dragon Form
 81842 | Hell     | Entered the Vestibule of Hell
 81861 | Hell     | Noticed Geryon
 81863 | Hell     | Reached skill level 1 in Necromancy
 81887 | Hell     | Noticed Murray
 82023 | Depths:2 | Killed Murray
 82024 | Depths:2 | Reached skill level 2 in Necromancy
 82251 | Hell     | Reached skill level 18 in Air Magic
 82302 | Hell     | Found a gateway to the freezing wastes of Cocytus.
 82313 | Hell     | Reached skill level 3 in Necromancy
 82339 | Hell     | Killed Geryon
 82340 | Hell     | Reached skill level 18 in Transmutations
 82450 | Depths:2 | Lost mutation: You are vulnerable to cold. (rC-) [potion of
                  | mutation]
 82450 | Depths:2 | Lost mutation: You are clumsy. (Dex -2) [potion of
                  | mutation]
 82450 | Depths:2 | Gained mutation: You have a beak for a mouth. [potion of
                  | mutation]
 82450 | Depths:2 | Gained mutation: Your mind is acute. (Int +4, Str/Dex -1)
                  | [potion of mutation]
 82450 | Depths:2 | Gained mutation: Your flesh is heat resistant. (rF+)
                  | [potion of mutation]
 82743 | Hell     | Found a gateway to the decaying netherworld of Tartarus.
 82796 | Hell     | Reached skill level 4 in Necromancy
 82849 | Hell     | Found a gateway to the ashen valley of Gehenna.
 83193 | Hell     | Found a gateway to the Iron City of Dis.
 83277 | Hell     | Reached skill level 14 in Conjurations
 83468 | Depths:2 | Learned a level 8 spell: Necromutation
 83724 | Vaults:3 | Killed Bidatih's ghost
 83725 | Vaults:3 | Reached skill level 5 in Necromancy
 83761 | Vaults:3 | Identified the +1 robe "Verebedd" {rF+ Will+ rCorr Str-5}
 84149 | Crypt:1  | Noticed Donald
 84158 | Crypt:1  | Killed Donald
 84272 | Crypt:1  | Noticed Grunn
 84281 | Crypt:1  | Killed Grunn
 84386 | Crypt:1  | Reached skill level 19 in Transmutations
 84575 | Crypt:1  | Noticed Frederick
 84586 | Crypt:1  | Killed Frederick
 84713 | Crypt:1  | Reached skill level 6 in Necromancy
 86579 | Crypt:3  | Entered Level 3 of the Crypt
 86635 | Crypt:3  | Reached skill level 7 in Necromancy
 86872 | Crypt:3  | Noticed Nyubb's ghost (veteran MiGl)
 86899 | Crypt:3  | Found a runed translucent door.
 86931 | Crypt:3  | Killed Nyubb's ghost
 86993 | Crypt:3  | Reached skill level 19 in Air Magic
 87059 | Crypt:2  | Found an ancient bone altar of Kikubaaqudgha.
 87191 | Crypt:3  | Found a staircase to the Tomb.
 87428 | Crypt:3  | Reached skill level 15 in Conjurations
 87435 | Crypt:3  | Paralysed by a vampire knight for 5 turns
 87436 | Crypt:3  | Reached skill level 20 in Transmutations
 87669 | Crypt:3  | Found an ancient bone altar of Kikubaaqudgha.
 87870 | Crypt:3  | Reached skill level 8 in Necromancy
 88364 | Crypt:3  | Identified the ring of Wuagedul {rN+ Str+3}
 88364 | Crypt:3  | Identified the ring of Ruogenuo {rN+ Will- Str+7}
 88364 | Crypt:3  | Identified the ring "Mekh" {*Slow rN+ Will++ Slay+3}
 88811 | Depths:2 | Bought a potion of haste for 120 gold pieces
 88811 | Depths:2 | Bought a scroll of fear for 48 gold pieces
 88820 | Depths:2 | Acquired 951 gold pieces
 88828 | Pan      | Entered Pandemonium
 89017 | Pan      | Noticed Waong the pandemonium lord
 89033 | Pan      | Killed Waong the pandemonium lord
 89420 | Pan      | Reached skill level 9 in Necromancy
 89849 | Pan      | Noticed Lirirosm the pandemonium lord
 89870 | Pan      | Killed Lirirosm the pandemonium lord
 89900 | Pan      | Reached skill level 16 in Conjurations
 90578 | Pan      | Found an exit through the horrors of the Abyss.
 90862 | Pan      | Reached skill level 21 in Transmutations
 90874 | Pan      | HP: 42/206 [demonspawn warmonger/+0 demon trident of venom
                  | (28)]
 90881 | Pan      | Upgraded the game from 0.30.1-9-gdf580d7c3d to
                  | 0.30.1-11-g7821555f0a
 90881 | Pan      | Upgraded the game from 0.30.1-11-g7821555f0a to 0.30.2
 91117 | Pan      | Reached skill level 10 in Necromancy
 91119 | Pan      | Reached skill level 20 in Air Magic
 91136 | Pan      | HP: 48/206 [Ice Fiend/bolt of cold (9)]
 91141 | Pan      | HP: 44/206 [blizzard demon/bolt of lightning (8)]
 91165 | Pan      | HP: 43/206 [sun demon (13)]
 91646 | Pan      | HP: 25/206 [demonspawn warmonger/+2 battleaxe of draining
                  | (34)]
 91648 | Pan      | Mangled by a demonspawn warmonger

Illustrated notes

Levels and vault maps discovered:
D:1:      psy_arrival_spokes, layout_loops_ring, st_stairs_12,
          amcnicky_mini_rare_corridor_liquid
D:2:      layout_rooms, nrook_loot_triangle, kennysheep_cluttered_room,
          uniq_crazy_yiuf_cottage
D:3:      layout_loops_cross, evilmike_ruin_ashenzari, minmay_misc_feat_alley,
          serial_bayou_ford_a
D:4:      minmay_thick_lines, layout_cave_pools,
          gammafunk_temple_overflow_pools, kennysheep_generic_room_7,
          uniq_grinder, uniq_ijyb
D:5:      minmay_inner_zag, layout_loops_ring, gammafunk_temple_of_torment,
          nicolae_ossuary_entry_false_entrances, minmay_misc_feat_columns,
          solitary_fountain, st_stairs_3, minmay_misc_feat_diagonals,
          minmay_shop_grid_forest, serial_park_tiny_1, minmay_starry_boxes,
          uniq_duvessa
D:6:      layout_basic, chequers_serial_rivers_micro_e
D:7:      layout_rooms, lemuel_coloured_pillars_altar,
          nemelex_dance_club_becter, fedhas_altar_decomposition,
          mainiacjoe_overflow_cross_hatched, minmay_temple_entry_grid,
          minivault_10, minmay_misc_feat_iff, minivault_11
D:8:      layout_cave_pools, slow_altar_1, nicolae_overflow_hidden_temple,
          mainiacjoe_overflow_24_doors, due_lair_maze_entry_diamond,
          minmay_circle_x, uniq_maggie
D:9:      layout_basic, trog_ov_bears_minmay
D:10:     layout_rooms, grunt_qazlal_sundering, enter_bailey_3,
          minmay_ruined_shrine
D:11:     layout_layer_cave, nicolae_concentric_dashed_squares_wild,
          uniq_josephine
D:12:     layout_rooms, uniq_lodul
D:13:     layout_small_grid
D:14:     layout_cave_pools, david_vaults_3, lemuel_doored_altar, uniq_agnes,
          uniq_nessos
D:15:     grunt_enter_depths_giant_problem, layout_loops_ring,
          good_gods_mini_temple
Temple:   corrupted_temple
Lair:1:   layout_hall_layers
Lair:2:   layout_regular_city, minmay_snake_entry_six_corridors,
          portal_ice_cave_demonic_guard, grunt_megastairs_5
Lair:3:   layout_misc_corridors, elwin_shoals_entry_rooms, minmay_holes
Lair:4:   layout_hall_layers, serial_bayou_shore_b
Lair:5:   gammafunk_lair_ancient_temple, layout_loops_ring,
          minmay_slime_entry_eyes, lemuel_fruit_fields
Shoals:1: layout_shoals, nicolae_shoals_sun_and_surf
Shoals:2: layout_shoals, gammafunk_ghost_wrathful_warriors, uniq_polyphemus,
          uniq_ilsuiw
Shoals:3: layout_shoals, nicolae_shoals_water_booths
Shoals:4: shoals_end_grunt_ice, layout_shoals
Snake:1:  nicolae_snake_nest, layout_concentric_octagons
Snake:2:  layout_chambers
Snake:3:  layout_onion_interference, basic_altar
Snake:4:  snake_pit_salamanders_mu, layout_misc_corridors, serial_bayou_shore_b
Slime:1:  layout_caves
Slime:2:  layout_caves
Slime:3:  layout_caves
Slime:4:  layout_caves
Slime:5
Orc:1:    layout_diamond_mine, serial_shops, shop
Orc:2:    st_orc_town, layout_caves, serial_shops, nicolae_shop_rolling_square,
          kennysheep_orc_chapel, uniq_saint_roka
Elf:1:    elf_arrival_001, layout_loops_cross, serial_shops,
          nicolae_shop_rolling_square, minivault_28,
          nicolae_elf_elemental_lessons
Elf:2:    nicolae_elf_blades_crystal_corner, layout_loops_ring,
          gammafunk_ghost_ooze
Elf:3:    minmay_elf_hall_curves, layout_loops_cross, minmay_elf_sorcery
Vaults:1: ontoclasm_vaults_bender, dpeg_vaults_hating_casters,
          ontoclasm_vaults_gateway, vaults_room_grid,
          nicolae_vaults_closet_pinwheel_5, vaults_room_stairs_pillars,
          nicolae_vaults_trapezoid_1, v_misc_9, nicolae_vaults_disjoint_gnomons,
          nicolae_vaults_triangles, vaults_room_grunt_arrival_ludios,
          hangedman_vaults_river_flow, nicolae_vaults_circle_grid_b,
          nicolae_vaults_little_squares_1, nicolae_vaults_storage_room_doors,
          vaults_dpeg_hooks, vaults_room_pools, layout_vaults_omnibox,
          serial_shops, nicolae_shop_crystal
Vaults:2: hangedman_vaults_impose, v_alt_pattern_2, v_pattern_2, v_misc_4,
          nicolae_vaults_gold_heap, nicolae_vaults_rhombus_6,
          vaults_room_large_hall, nicolae_vaults_mini_display_case,
          nicolae_vaults_wine_cellar, layout_vaults_quadrants, serial_shops,
          nicolae_shop_hallway_stairs, uniq_sojobo
Vaults:3: gammafunk_ghost_fury_of_okawaru, nicolae_vaults_offset_grid_hallway_3,
          v_misc_30, ontoclasm_vaults_idyll, nicolae_vaults_oval_intersection,
          v_misc_9, nicolae_vaults_theta, v_rooms_6,
          minmay_crypt_entry_simple_box, nicolae_vaults_little_squares_6,
          v_misc_14, layout_vaults_omnicross, serial_shops, nicolae_shop_stone,
          uniq_margery
Vaults:4: nicolae_vaults_asterisk, nicolae_vaults_network_square,
          hangedman_vaults_snaps, v_misc_29, v_misc_5,
          nicolae_vaults_network_star, nicolae_vaults_lightning_bolt,
          nicolae_vaults_yaktaur_gun_rack, nicolae_vaults_trapezoid_lopsided_1,
          nicolae_vaults_offset_grid_hallway_3,
          nicolae_vaults_oval_intersection, vaults_dpeg_diagonal,
          nicolae_vaults_variable_pillar_hall,
          nicolae_vaults_offset_grid_hallway_4, layout_vaults_maze,
          serial_shops, bzr_entry_safe
Vaults:5: serial_shops
Crypt:1:  layout_rooms, grunt_ministairs_9, nicolae_crypt_small_crypt,
          feat_on_display, uniq_donald, uniq_frederick, uniq_grunn
Crypt:2:  layout_catacombs, lemuel_upstairs_altar
Crypt:3:  church_of_pain_bobbens, layout_chaotic_city,
          hellmonk_ghost_happy_afterlife
Depths:1: minmay_connected_triangles_in_corner, layout_cave_shapes, special_room
          [special_room_morgue], hell_entry, chequers_serial_rivers_micro_e,
          ebering_ghost_disaster_area, hangedman_decor_diamond_cutter,
          hellmonk_bongcloud_opening, nicolae_hepliaklqana_hazy_memory
Depths:2: grunt_twist_and_shout, layout_gridlike, pan_entry,
          nicolae_benzene_ring, grunt_mini_vestibule,
          ebering_ghost_disaster_area, corner_web_ring
Depths:3: minmay_box_of_statues, layout_long_grid,
          nicolae_sif_muna_condensation, nicolae_abyss_entry_one_way_or_another,
          hell_entry, drop_trap, kilobyte_rumbling_trees, serial_bayou_shore_a,
          uniq_mennas
Depths:4: lemuel_castle_with_subvaults [lemuel_castle_interior_original],
          layout_basic, enter_ziggurat_f, hell_entry, abyss_entry_glasseish,
          hangedman_abyss_or_decor_stabs, small_chamber_with_monster,
          interstate_on_off, minmay_shop_star, serial_bayou_shore_b
Hell
Pan:      evilmike_mini_pan_pillars_b, layout_pan_divisions_a
          [pan_division_quadrant_a3, pan_division_quadrant_a4,
          pan_division_quadrant_a4, pan_division_quadrant_a1,
          pan_division_octagon_divided], rand_demon_6, layout_rooms,
          pan_blood_fountain_small, evilmike_mini_pan_pillars_b,
          layout_irregular_city, grunt_pan_in_and_out, layout_gridlike,
          pan_blood_fountain, evilmike_mini_pan_layers, layout_basic,
          reaverb_pan_figure_eight

Skill      XL: |  1  2  3  4  5  6  7  8  9 10 11 12 13 14 15 16 17 18 19 20 21 22 23 24 25 26 27 |
---------------+----------------------------------------------------------------------------------+-----
Conjurations   | 2 5 8 10 12 16 | 16.3
Air Magic      | 4 5 6 8 9 11 12 13 14 15 16 17 20 | 20.1
Dodging        | 3 6 7 9 10 13 | 13.5
Translocations | 1 2 4 5 7 8 10 | 10.0
Spellcasting   | 3 4 5 6 7 8 9 10 11 12 14 15 | 15.0
Fighting       | 1 3 4 5 7 8 10 11 12 14 16 18 19 20 21 | 21.5
Transmutations | 2 4 7 9 10 12 13 14 15 17 21 | 21.1
Evocations     | 4 |  4.2
Unarmed Combat | 2 7 8 10 11 13 14 15 16 17 18 19 20 | 20.0
Shields        | 5 11 14 15 | 15.5
Summonings     | 1 5 |  5.0
Necromancy     | 10 | 10.2
Stealth        | |  2.6

Action                     |  1- 3 |  4- 6 |  7- 9 | 10-12 | 13-15 | 16-18 | 19-21 | 22-24 | 25-27 || total
---------------------------+-------+-------+-------+-------+-------+-------+-------+-------+-------++-------
  Melee: Unarmed           |     8 |    19 |       |    22 |   289 |   811 |   785 |   865 |  1780 ||  4579
         Constrict         |     4 |     5 |    10 |    11 |    11 |    15 |    14 |    12 |    16 ||    98
         Tentacles         |     4 |     4 |    11 |    16 |    20 |    25 |    31 |    23 |    51 ||   185
         Sling             |       |     1 |       |       |       |       |       |       |       ||     1
         Staff             |       |    10 |    34 |    29 |    33 |    75 |   133 |    41 |   139 ||   494
         War axe           |       |       |     8 |    26 |       |       |       |       |       ||    34
         Punch             |       |       |       |       |    10 |    81 |    75 |    61 |   214 ||   441
         Peck              |       |       |       |       |       |       |       |       |    44 ||    44
         Tailslap          |       |       |       |       |       |       |       |       |     4 ||     4
         Bite              |       |       |       |       |       |       |       |       |     4 ||     4
   Fire: Sling             |    13 |    29 |       |       |       |       |       |       |       ||    42
   Cast: Shock             |    72 |   156 |   233 |   145 |    21 |       |     1 |       |       ||   628
         Airstrike         |       |       |    38 |   158 |   119 |    52 |   179 |    43 |    32 ||   621
         Blink             |       |       |     3 |     9 |     6 |     1 |       |     4 |     7 ||    30
         Blade Hands       |       |       |       |     4 |     2 |     5 |     5 |     8 |     3 ||    27
         Storm Form        |       |       |       |       |    21 |    67 |    66 |    66 |   101 ||   321
         Manifold Assault  |       |       |       |       |     2 |    47 |   170 |   251 |   476 ||   946
         Summon Lightning  |       |       |       |       |       |       |    38 |    85 |    25 ||   148
         Volatile Blastmot |       |       |       |       |       |       |     4 |       |       ||     4
         Conjure Ball Ligh |       |       |       |       |       |       |       |     3 |       ||     3
         Necromutation     |       |       |       |       |       |       |       |       |     6 ||     6
         Dragon Form       |       |       |       |       |       |       |       |       |     2 ||     2
         Chain Lightning   |       |       |       |       |       |       |       |       |     2 ||     2
 Invoke: Potion Petition   |       |       |       |       |     1 |     1 |     2 |     7 |     9 ||    20
         Call Merchant     |       |       |       |       |       |       |     1 |       |     3 ||     4
Ability: Blinkbolt         |       |       |       |       |     4 |    17 |     1 |     1 |       ||    23
         End Transformatio |       |       |       |       |       |       |     1 |       |     1 ||     2
  Evoke: Wand              |       |       |     4 |     8 |     5 |       |     2 |     7 |     9 ||    35
    Use: Potion            |       |     7 |     1 |     2 |     1 |     1 |     4 |     7 |     5 ||    28
         Scroll            |       |     3 |    10 |    14 |     7 |     1 |     1 |    17 |    13 ||    66
   Stab: Sleeping          |       |       |     1 |       |     1 |     1 |     1 |     1 |     1 ||     6
         Distracted        |       |       |       |     1 |     3 |     9 |     6 |    16 |    11 ||    46
 Armour: Skin              |       |    15 |    19 |    56 |    56 |   177 |   101 |   122 |   246 ||   792
  Dodge: Dodged            |     8 |    38 |    77 |   111 |   278 |   799 |   627 |   552 |  1081 ||  3571
  Block: Kite shield       |       |       |       |       |       |    57 |    84 |    21 |    96 ||   258
         Other             |       |       |       |       |       |     6 |    73 |       |       ||    79
         Reflection        |       |       |       |       |       |     6 |    23 |       |       ||    29

Table legend: (Time is in decaauts)
 A = Elapsed time spent in this place.
 B = Non-inter-level travel time spent in this place.
 C = Inter-level travel time spent in this place.
 D = Time resting spent in this place.
 E = Time spent auto-exploring this place.
 F = Levels seen in this place.
 G = Mean time per level.
                   A        B        C        D        E       F      G
               +--------+--------+--------+--------+--------+-----+--------+
         Total |  90541 |  82863 |   7678 |  27626 |  27305 |  66 | 1371.8 |
       Dungeon |  23963 |  20704 |   3259 |   7462 |   8613 |  15 | 1597.5 |
        Temple |     53 |     42 |     11 |      0 |     15 |   1 |   53.0 |
          Lair |   7931 |   7324 |    607 |   2628 |   2503 |   5 | 1586.2 |
        Shoals |   7366 |   7239 |    127 |   2933 |   1865 |   4 | 1841.5 |
     Snake Pit |   5890 |   5566 |    324 |   1370 |   2523 |   4 | 1472.5 |
    Slime Pits |   2662 |   2662 |      0 |   1444 |      0 |   5 |  532.4 |
  Orcish Mines |   3047 |   2375 |    672 |    613 |    855 |   2 | 1523.5 |
   Elven Halls |   7509 |   7017 |    492 |   2855 |   1415 |   3 | 2503.0 |
        Vaults |  12137 |  10975 |   1162 |   3266 |   3537 |   5 | 2427.4 |
         Crypt |   4276 |   4030 |    246 |    473 |   1819 |   3 | 1425.3 |
        Depths |   7351 |   6606 |    745 |   1385 |   2645 |   4 | 1837.8 |
          Hell |   1081 |   1051 |     30 |     71 |    418 |   1 | 1081.0 |
         Abyss |   1393 |   1393 |      0 |    538 |      0 |   5 |  278.6 |
   Pandemonium |   2744 |   2744 |      0 |    887 |    716 |   5 |  548.8 |
        Bazaar |    562 |    562 |      0 |      0 |    365 |   1 |  562.0 |
       Ossuary |    876 |    876 |      0 |    635 |     16 |   1 |  876.0 |
        Bailey |   1688 |   1688 |      0 |   1061 |      0 |   1 | 1688.0 |
      Ice Cave |      3 |      3 |      0 |      0 |      0 |   1 |    3.0 |
               +--------+--------+--------+--------+--------+-----+--------+

Top non-repeatable levels by time:
Vaults:2: 3149 daAuts
Vaults:1: 3027 daAuts
   Elf:2: 2791 daAuts
     D:7: 2671 daAuts
Vaults:3: 2599 daAuts
  Lair:2: 2415 daAuts
   Elf:1: 2404 daAuts
     D:8: 2380 daAuts
Depths:2: 2361 daAuts
   Elf:3: 2313 daAuts
Shoals:4: 2227 daAuts
     D:9: 2109 daAuts
     D:4: 2101 daAuts
 Snake:2: 2099 daAuts
     D:5: 2052 daAuts

Table legend:
 A = Kills in this place as a percentage of kills in the entire game.
 B = Kills by you in this place as a percentage of kills by you in the entire game.
 C = Kills by friends in this place as a percentage of kills by friends in the entire game.
 D = Other kills in this place as a percentage of other kills in the entire game.
 E = Experience gained in this place as a percentage of experience gained in the entire game.
 F = Experience gained in this place divided by the number of levels of this place that you have seen.
                   A       B       C       D       E      F
               +-------+-------+-------+-------+-------+----------------------
         Total | 100.0 | 100.0 | 100.0 | 100.0 | 100.0 | 23374.2
       Dungeon |  15.2 |  15.5 |   1.7 |   0.0 |   4.6 | 4741.3
          Lair |   5.3 |   5.5 |   0.0 |   0.0 |   3.0 | 9409.8
        Shoals |   6.6 |   6.8 |   0.0 |   0.0 |   6.4 | 24565.0
     Snake Pit |   8.6 |   8.7 |   0.0 |  33.3 |   7.4 | 28446.2
    Slime Pits |   2.8 |   2.5 |  15.0 |   0.0 |   4.0 | 12435.8
  Orcish Mines |   4.8 |   4.9 |   0.0 |   0.0 |   1.0 | 7574.0
   Elven Halls |   7.0 |   6.9 |  13.3 |  11.1 |   8.2 | 42189.0
        Vaults |  17.7 |  16.7 |  58.3 |  33.3 |  24.3 | 74979.8
         Crypt |   7.1 |   7.2 |   1.7 |   0.0 |   9.0 | 46362.0
        Depths |  10.6 |  10.7 |   5.0 |  22.2 |  17.4 | 67028.8
          Hell |   3.5 |   3.6 |   1.7 |   0.0 |   4.5 | 69650.0
         Abyss |   3.8 |   3.9 |   0.0 |   0.0 |   3.8 | 11825.2
   Pandemonium |   4.4 |   4.4 |   3.3 |   0.0 |   6.1 | 18937.8
       Ossuary |   1.0 |   1.0 |   0.0 |   0.0 |   0.0 | 388.0
        Bailey |   1.7 |   1.7 |   0.0 |   0.0 |   0.2 | 2638.0
               +-------+-------+-------+-------+-------+----------------------
